 Dungeon Crawl Stone Soup version 0.28.0-53-g5a82cb258f (webtiles) character file.

Game seed: 7130246717658296695

396 lonewolfV2 the Chopper (level 6, -2/55 HPs)
             Began as a Minotaur Fighter on May 23, 2022.
             Slain by a gnoll
             ... wielding a +0 whip
              (4 damage)
             ... on level 4 of the Dungeon.
             The game lasted 00:04:13 (3188 turns).

lonewolfV2 the Chopper (Minotaur Fighter)           Turns: 3188, Time: 00:04:14

Health: -2/55      AC:  8    Str: 28    XL:     6   Next: 52%
Magic:  5/5        EV: 10    Int:  5    God:
Gold:   183        SH:  4    Dex:  9    Spells: 5/5 levels left

rFire   + + .      SeeInvis .   a - +0 war axe
rCold   . . .      Faith    .   c - +0 buckler
rNeg    . . .      Spirit   .   b - +1 scale mail
rPois   +          Reflect  .   (helmet restricted)
rElec   +          Harm     .   (no cloak)
rCorr   +          Rampage  .   (no gloves)
Will    .....                   (no boots)
Stlth   +.........              (no amulet)
HPRegen 0.18/turn               e - ring of Benevolence {rPois rCorr Str+5 Stlth+}
MPRegen 0.09/turn               d - ring of fire

@: brilliant, resistant
A: horns 2, retaliatory headbutt
a: no special abilities


You were on level 4 of the Dungeon.
You visited 1 branch of the dungeon, and saw 4 of its levels.

You collected 183 gold pieces.

Inventory:

Hand Weapons
 a - a +0 war axe (weapon)
Armour
 b - a +1 scale mail (worn)
 c - a +0 buckler (worn)
Jewellery
 d - a ring of fire (right hand)
 e - the ring of Benevolence (left hand) {rPois rCorr Str+5 Stlth+}
   (You acquired it on level 1 of the Dungeon)

   [ring of resist corrosion]

   Str:       It affects your strength (+5).
   rPois:     It protects you from poison.
   rCorr:     It protects you from acid and corrosion.
   Stlth:     It makes you more stealthy.
Wands
 n - a wand of polymorph (9)
Scrolls
 f - a scroll of fog
 g - a scroll of fear
 l - a scroll of amnesia
Potions
 j - 2 potions of flight


   Skills:
 + Level 4.8 Fighting
 + Level 5.7 Axes
 + Level 5.4 Armour
 + Level 1.7 Dodging
 + Level 0.4 Stealth
 + Level 4.2 Shields


You had 5 spell levels left.
You didn't know any spells.
Your spell library contained the following spells:

 Spells                   Type           Power      Damage    Failure   Level
 Olgreb's Toxic Radiance  Pois           0%         N/A       100%        4
 Ozocubu's Refrigeration  Ice            0%         4d5       100%        7
 Ignition                 Fire           0%         3d3       100%        8


Dungeon Overview and Level Annotations

Branches:
Dungeon (4/15)             Temple (0/1) D:4

Altars:
Sif Muna


Innate Abilities, Weirdness & Mutations

You have a pair of horns on your head.
You reflexively headbutt those who attack you in melee.


Message History

An orc comes into view. It is wielding a +0 scythe.
The gnoll hits you with a +0 whip.
* * * LOW HITPOINT WARNING * * *
The gnoll hits you but does no damage. x2
You feel better.
The orc shouts!
You hear a shout!
The hobgoblin closely misses you. The gnoll hits you but does no damage.
You block the gnoll's attack. The gnoll barely misses you.
It was a potion of brilliance.
You feel clever all of a sudden.
The hobgoblin hits you from afar with a +4 scythe!
* * * LOW HITPOINT WARNING * * *
The gnoll hits you with a +0 whip.
* * * LOW HITPOINT WARNING * * *
The gnoll hits you with a +0 whip.
* * * LOW HITPOINT WARNING * * *
The gnoll closely misses you.
As you read the scroll labelled ZAOJOGH CIREH, it crumbles to dust.
It is a scroll of amnesia.
You feel forgetful for a moment. The hobgoblin closely misses you.
You block the gnoll's attack. The gnoll closely misses you.
You block the gnoll's attack.
As you read the scroll labelled RUREVEGRITU, it crumbles to dust.
It is a scroll of enchant armour.
Your +0 scale mail glows green for a moment.
You block the hobgoblin's attack.
The gnoll hits you but does no damage. x2
The gnoll hits you from afar with a +0 spear.
* * * LOW HITPOINT WARNING * * *
Okay, then.
It was a potion of resistance.
You feel protected.
The hobgoblin hits you from afar with a +4 scythe.
* * * LOW HITPOINT WARNING * * *
The gnoll completely misses you. The gnoll hits you with a +0 whip.
* * * LOW HITPOINT WARNING * * *
You block the gnoll's attack.
It was a potion of magic.
Magic courses through your body.
The hobgoblin hits you but does no damage.
The gnoll hits you with a +0 whip.
You die...

#..### #.#.####
#........##.#.# #
#.##..#.......# #
#.##........#.####
..##..............
#.##..##.####.###.
#.##..##.# #.# #.
##.###g##(.##.# #(# #.
#..ggg@)...##.####.###.
#...g#).o..............
#... ####........#####.
### #........# #.
#........#.....
#.....##.#.####
#.##.......
.......##.#.####
##.##..##.#.....


You could see 3 gnolls, an orc and 2 hobgoblins.

Vanquished Creatures
  An ogre (D:4)
  A phantom (D:4)
  A kobold brigand (D:3)
  A gnoll shaman (D:4)
  4 adders
  2 gnolls (D:4)
  An adder skeleton (D:4)
  3 worms (D:2)
  An orc (D:4)
  5 ball pythons
  7 endoplasms
  8 giant cockroaches
  9 hobgoblins
  A quokka (D:4)
  7 bats
  12 frilled lizards
  3 goblins
  4 kobolds
  A rat (D:1)
72 creatures vanquished.

Vanquished Creatures (others)
  4 plants (D:4)
4 creatures vanquished.

Grand Total: 76 creatures vanquished

Notes
Turn   | Place    | Note
-------+----------+-------------------------------------------
     0 | D:1      | lonewolfV2 the Minotaur Fighter began the quest for the
                  | Orb.
     0 | D:1      | Reached XP level 1. HP: 19/19 MP: 0/0
   197 | D:1      | Reached XP level 2. HP: 23/27 MP: 1/1
   504 | D:1      | Identified a scroll of acquirement
   504 | D:1      | Acquired the ring of Benevolence {rPois rCorr Str+5 Stlth+}
   866 | D:2      | Reached skill level 1 in Dodging
   866 | D:2      | Reached XP level 3. HP: 9/33 MP: 2/2
  1572 | D:2      | Found a shimmering blue altar of Sif Muna.
  1648 | D:2      | Reached XP level 4. HP: 39/40 MP: 3/3
  1926 | D:3      | Noticed a kobold brigand
  1932 | D:3      | Killed a kobold brigand
  1933 | D:3      | Reached XP level 5. HP: 35/47 MP: 4/4
  2565 | D:4      | Noticed an ogre
  2573 | D:4      | Killed an ogre
  2574 | D:4      | Reached skill level 5 in Axes
  2574 | D:4      | Reached skill level 5 in Armour
  2574 | D:4      | Reached XP level 6. HP: 13/53 MP: 5/5
  3144 | D:4      | Found a staircase to the Ecumenical Temple.
  3187 | D:4      | HP: 2/55 [gnoll/+0 whip (2)]
  3188 | D:4      | Slain by a gnoll

Illustrated notes

Levels and vault maps discovered:
D:1:      moated_graveyard_arrival, layout_loops_cross, minmay_lizard_pond
D:2:      layout_rooms, basic_altar, serial_park_tiny_pond
D:3:      layout_basic
D:4:      layout_basic, nicolae_overflow_hidden_temple,
          minmay_temple_entry_gardened_gates, minmay_tree_intersection,
          sigmund_army

Skill      XL: |  1  2  3  4  5 |
---------------+----------------+-----
Axes           | 3 4 5 |  5.7
Fighting       | 4 |  4.8
Dodging        | 1 |  1.7
Armour         | 4 5 |  5.4
Shields        | 4 |  4.2
Stealth        | |  0.4

Action                   |  1- 3 |  4- 6 || total
-------------------------+-------+-------++-------
Melee: War axe           |    82 |    50 ||   132
       Headbutt          |    13 |     9 ||    22
  Use: Scroll            |     4 |     2 ||     6
       Potion            |     1 |     6 ||     7
Armor: Scale mail        |    52 |    24 ||    76
Dodge: Dodged            |    61 |    41 ||   102
Block: Buckler           |    23 |    14 ||    37
